Thunderbirds vs Gulls
Created - Saturday, February 22, 2025 at 22:45
Goals
|
Thunderbirds |
2 |
2 |
1 |
5 |
Gulls |
0 |
1 |
1 |
2 |
|
Shots
|
Thunderbirds |
11 |
11 |
13 |
35 |
Gulls |
9 |
5 |
8 |
22 |
|
1st period
1. Thunderbirds , Oliver Kylington 11 (Jacob Lucchini 30, AJ Greer 24) at 17:26
2. Thunderbirds , Hugh McGing 10 (Robert Bortuzzo 12, James Malatesta 22) at 18:44
Penalties :
Jacob Perreault (SDG) for Tripping (Minor) at 8:40, Vincent Iorio (SPR) for Tripping (Minor) at 14:32
2nd period
3. Thunderbirds , Lukas Reichel 17 (Robert Bortuzzo 13, AJ Greer 25) at 2:52
4. Thunderbirds , Hugh McGing 11 (Uvis Balinskis 14, Oliver Kylington 23) at 8:49 (PP)
5. Gulls , Sasha Pastujov 15 (Hudson Elynuik 15, Ethan Del Mastro 19) at 16:19
Penalties :
Robert Bortuzzo (SPR) for Cross-checking (Minor) at 5:30, Seth Helgeson (SDG) for Holding (Minor) at 7:50, Marc Del Gaizo (SPR) for Roughing (Minor) at 11:29, Robert Bortuzzo (SPR) for Slashing (Minor) at 16:44
3rd period
6. Thunderbirds , James Malatesta 20 (Oliver Kylington 24) at 3:50 (PP)
7. Gulls , Cole Cassels 15 (Tyler Benson 22, Olen Zellweger 20) at 15:51
Penalties :
Alex Petrovic (SDG) for Delaying the game (Minor) at 1:54, Jacob Lucchini (SPR) for Tripping (Minor) at 9:11, Vincent Iorio (SPR) for Cross-checking (Minor) at 12:39, Seth Helgeson (SDG) for Tripping (Minor) at 19:39
Goalie Stats
Clay Stevenson (SPR), 20 saves from 22 shots - (0.909), W, 24-13-3, 60:00 minutes
Keith Kinkaid (SDG), 16 saves from 17 shots - (0.941), 31:11 minutes
Farm Goalie 46 (SDG), 14 saves from 18 shots - (0.778), L, 1-8-0, 28:49 minutes
Players Stats for Thunderbirds
Player Name G A P +/- PIM S H SB GA TA FO MP PP MP PK MP
------------------------------------------------------------------------------------
AJ Greer 0 2 2 1 0 1 3 0 0 0 1/1 21:42 2:01 4:47
Artyom Anisimov 0 0 0 -1 0 3 5 0 0 0 10/22 21:31 2:26 5:03
Gabriel Fortier 0 0 0 -1 0 0 0 0 0 0 0/2 18:26 1:36 2:33
Hugh McGing 2 0 2 1 0 3 0 0 0 0 18/25 14:21 2:22 0:00
Jackson Cates 0 0 0 -1 0 4 1 0 0 0 1/3 15:29 0:00 0:16
Jacob Lucchini 0 1 1 1 2 4 2 0 0 0 2/3 18:07 2:01 2:23
James Malatesta 1 1 2 1 0 6 2 0 0 0 0/4 21:24 1:37 5:08
Jasper Weatherby 0 0 0 0 0 0 0 0 0 0 3/6 5:33 0:37 3:21
John Farinacci 0 0 0 0 0 0 0 0 0 0 0/0 0:00 0:00 0:00
Lukas Reichel 1 0 1 1 0 4 0 0 0 0 12/21 15:58 2:15 0:00
Lukas Rousek 0 0 0 0 0 0 0 0 0 0 0/0 2:11 0:47 0:00
Marc Del Gaizo 0 0 0 -2 2 1 0 0 0 0 0/0 21:32 0:00 5:54
Oliver Kylington 1 2 3 1 0 1 3 1 0 0 0/0 24:08 2:37 5:12
Peetro Seppala 0 0 0 -2 0 0 2 1 0 0 0/0 19:03 0:51 3:04
Robert Bortuzzo 0 2 2 2 4 3 4 2 0 0 0/0 14:32 2:00 1:05
Tyson Jost 0 0 0 1 0 3 0 0 0 0 0/1 13:29 0:00 0:23
Uvis Balinskis 0 1 1 1 0 1 0 0 0 0 0/0 17:24 3:00 4:46
Vincent Iorio 0 0 0 2 4 1 2 1 0 0 0/0 23:10 2:00 3:41
Players Stats for Gulls
Player Name G A P +/- PIM S H SB GA TA FO MP PP MP PK MP
------------------------------------------------------------------------------------
Alex Petrovic 0 0 0 -1 2 2 2 3 0 0 0/0 25:35 6:21 2:08
Chase Stillman 0 0 0 0 0 0 0 0 0 0 0/0 0:00 0:00 0:00
Cole Cassels 1 0 1 1 0 2 1 0 0 0 16/27 23:47 6:34 2:57
Dylan McIlrath 0 0 0 0 0 0 0 0 0 0 0/0 0:45 0:00 0:06
Ethan Del Mastro 0 1 1 1 0 0 3 2 0 0 0/0 24:31 5:33 1:53
Gabriel Dumont 0 0 0 -1 0 4 0 0 0 0 2/4 21:22 4:44 0:20
Garrett Wilson 0 0 0 0 0 0 0 0 0 0 0/0 2:25 1:07 0:56
Hudson Elynuik 0 1 1 0 0 0 3 0 0 0 13/26 23:33 5:08 3:06
Jacob Perreault 0 0 0 -1 2 2 2 0 0 0 0/0 12:42 1:31 0:00
Maxime Lajoie 0 0 0 -2 0 3 3 0 0 0 0/0 17:33 4:54 1:50
Nick Caamano 0 0 0 -1 0 2 2 0 0 0 7/17 16:43 0:00 0:00
Olen Zellweger 0 1 1 0 0 1 0 3 0 0 0/1 17:31 0:51 1:16
Sasha Pastujov 1 0 1 1 0 2 0 0 0 0 2/9 22:43 5:39 1:53
Scott Sabourin 0 0 0 -1 0 0 2 0 0 0 1/2 16:43 0:00 0:00
Seth Helgeson 0 0 0 0 4 0 1 0 0 0 0/0 10:58 0:00 0:00
Spencer Smallman 0 0 0 -1 0 2 0 0 0 0 0/0 18:05 4:44 1:07
Trevor Carrick 0 0 0 0 0 1 3 1 0 0 0/0 23:30 6:21 3:24
Tyler Benson 0 1 1 0 0 1 3 0 0 0 0/2 16:16 6:03 0:00
3 Stars
1 - Oliver Kylington (SPR)
2 - Hugh McGing (SPR)
3 - James Malatesta (SPR)
Power Play
Thunderbirds - 2 on 4 Attempt(s) - 50.00%
Gulls - 0 on 6 Attempt(s) - 0.00%
Penalty Kill
Thunderbirds - 6 on 6 Attempt(s) - 100.00%
- Score 0 goal in Penalty Kill
Gulls - 2 on 4 Attempt(s) - 50.00%
- Score 0 goal in Penalty Kill
Team Stat
Thunderbirds - Hits : 24 - Faceoff Wins : 47 - Blocked Shots : 5 - Penalty Minutes : 12
Gulls - Hits : 25 - Faceoff Wins : 41 - Blocked Shots : 9 - Penalty Minutes : 8
Official
Referees : Chris Lee and Garrett Rank
Linesman : Steve Barton and Kilian McNamara
Game Notes
Keith Kinkaid enters game at 8:49 of 2nd period
Finance
Level 1 -- Attendance: 1808 (90.40%) -- Ticket Income $63,280
Level 2 -- Attendance: 1000 (100.00%) -- Ticket Income $15,000
Total Attendance: 2808 (93.60%)
Total Ticket Income: $78,280
Other Income: $38,357
Total Income: $116,637
Thunderbirds
5 vs 5 Forward
Center Left Wing Right Wing Time % Phy DF OF
1 Lukas Reichel AJ Greer Jacob Lucchini 25 1 2 2
2 Hugh McGing James Malatesta Tyson Jost 25 1 2 2
3 Artyom Anisimov Gabriel Fortier Jackson Cates 25 1 2 2
4 Jackson Cates AJ Greer James Malatesta 25 1 2 2
5 vs 5 Defense
Defense Defense Time % Phy DF OF
1 Vincent Iorio Robert Bortuzzo 25 1 2 2
2 Oliver Kylington Uvis Balinskis 25 1 2 2
3 Marc Del Gaizo Peetro Seppala 25 1 2 2
4 Vincent Iorio Oliver Kylington 25 1 2 2
PowerPlay Forward
Center Left Wing Right Wing Time % Phy DF OF
1 Lukas Reichel AJ Greer Jacob Lucchini 60 1 2 2
2 Hugh McGing James Malatesta Artyom Anisimov 40 1 2 2
PowerPlay Defense
Defense Defense Time % Phy DF OF
1 Vincent Iorio Robert Bortuzzo 60 1 2 2
2 Oliver Kylington Uvis Balinskis 40 1 2 2
Penalty Kill 4 Players Forward
Center Wing Time % Phy DF OF
1 Artyom Anisimov AJ Greer 60 1 2 2
2 James Malatesta Jacob Lucchini 40 1 2 2
Penalty Kill 4 Players Defense
Defense Defense Time % Phy DF OF
1 Vincent Iorio Marc Del Gaizo 60 1 2 2
2 Uvis Balinskis Oliver Kylington 40 1 2 2
Penalty Kill - 3 Players Forward
Forward Time % Phy DF OF
1 Jacob Lucchini 60 1 2 2
2 AJ Greer 40 1 2 2
Penalty Kill - 3 Players Defense
Defense Defense Time % Phy DF OF
1 Vincent Iorio Oliver Kylington 60 1 2 2
2 Peetro Seppala Marc Del Gaizo 40 1 2 2
4 vs 4 Forward
Center Wing Time % Phy DF OF
1 Hugh McGing AJ Greer 60 1 2 2
2 James Malatesta Jacob Lucchini 40 1 2 2
4 vs 4 Defense
Defense Defense Time % Phy DF OF
1 Vincent Iorio Oliver Kylington 60 1 2 2
2 Marc Del Gaizo Peetro Seppala 40 1 2 2
Last Minutes Offensive
Center Left Wing Right Wing Defense Defense
Lukas Reichel AJ Greer Jacob Lucchini Vincent Iorio Robert Bortuzzo
Last Minutes Defensive
Center Left Wing Right Wing Defense Defense
Lukas Reichel AJ Greer Jacob Lucchini Vincent Iorio Robert Bortuzzo
Goaltenders
Starting : Clay Stevenson
Backup : Scott Wedgewood
Extra Forwards
Normal : AJ Greer, James Malatesta, Artyom Anisimov - PP : AJ Greer, Jacob Lucchini - PK : Artyom Anisimov
Extra Defensemen
Normal : Uvis Balinskis, Vincent Iorio, Oliver Kylington - PP : Vincent Iorio - PK : Oliver Kylington, Vincent Iorio
Penalty Shots
Lukas Reichel, AJ Greer, James Malatesta, Jacob Lucchini, Hugh McGing
Custom OT Lines Forwards
Lukas Reichel, AJ Greer, James Malatesta, Jacob Lucchini, Hugh McGing, Artyom Anisimov, Jackson Cates, Gabriel Fortier, Tyson Jost, Jasper Weatherby
Custom OT Lines Defensemen
Vincent Iorio, Peetro Seppala, Oliver Kylington, Uvis Balinskis, Marc Del Gaizo
Scratches
Adam Wilsby (Healthy), Xavier Simoneau (Healthy), Ilya Usov (Healthy), Albert Johansson (Healthy), Henrik Rybinski (Healthy)
Adam Raska (Healthy), Samuel Knazko (Healthy), Nicolas Beaudin (Healthy), Artyom Grushnikov (Healthy), Topias Vilen (Healthy)
Jack Matier (Healthy), Dmitri Kuzmin (Healthy), Nikita Novikov (Healthy), Jordy Bellerive (Healthy), Filip Engaras (Healthy)
Cam Morrison (Healthy), Chase Wheatcroft (Healthy), Jalen Luypen (Healthy), Jacob Gaucher (Healthy), Domenick Fensore (Healthy)
Shakir Mukhamadullin (Healthy), Curtis Hall (Healthy), Nathan Legare (Healthy), Hunter McKown (Healthy), Donovan Sebrango (Healthy)
Colton Poolman (Healthy), Jakub Skarek (Healthy), Mitchell Gibson (Healthy), Keith Petruzzelli (Healthy), Isaiah Saville (Healthy)
Gulls
5 vs 5 Forward
Center Left Wing Right Wing Time % Phy DF OF
1 Nick Caamano Scott Sabourin Gabriel Dumont 25 1 2 2
2 Cole Cassels Tyler Benson Sasha Pastujov 25 1 2 2
3 Hudson Elynuik Spencer Smallman Jacob Perreault 25 1 2 2
4 Cole Cassels Hudson Elynuik Sasha Pastujov 25 1 2 2
5 vs 5 Defense
Defense Defense Time % Phy DF OF
1 Alex Petrovic Maxime Lajoie 25 1 2 2
2 Seth Helgeson Ethan Del Mastro 25 1 2 2
3 Olen Zellweger Trevor Carrick 25 1 2 2
4 Alex Petrovic Ethan Del Mastro 25 1 2 2
PowerPlay Forward
Center Left Wing Right Wing Time % Phy DF OF
1 Hudson Elynuik Spencer Smallman Gabriel Dumont 60 1 2 2
2 Cole Cassels Tyler Benson Sasha Pastujov 40 1 2 2
PowerPlay Defense
Defense Defense Time % Phy DF OF
1 Alex Petrovic Trevor Carrick 60 1 2 2
2 Maxime Lajoie Ethan Del Mastro 40 1 2 2
Penalty Kill 4 Players Forward
Center Wing Time % Phy DF OF
1 Sasha Pastujov Hudson Elynuik 60 1 2 2
2 Cole Cassels Spencer Smallman 40 1 2 2
Penalty Kill 4 Players Defense
Defense Defense Time % Phy DF OF
1 Trevor Carrick Alex Petrovic 60 1 2 2
2 Maxime Lajoie Ethan Del Mastro 40 1 2 2
Penalty Kill - 3 Players Forward
Forward Time % Phy DF OF
1 Cole Cassels 60 1 2 2
2 Hudson Elynuik 40 1 2 2
Penalty Kill - 3 Players Defense
Defense Defense Time % Phy DF OF
1 Trevor Carrick Alex Petrovic 60 1 2 2
2 Seth Helgeson Ethan Del Mastro 40 1 2 2
4 vs 4 Forward
Center Wing Time % Phy DF OF
1 Sasha Pastujov Hudson Elynuik 60 1 2 2
2 Cole Cassels Spencer Smallman 40 1 2 2
4 vs 4 Defense
Defense Defense Time % Phy DF OF
1 Alex Petrovic Maxime Lajoie 60 1 2 2
2 Trevor Carrick Ethan Del Mastro 40 1 2 2
Last Minutes Offensive
Center Left Wing Right Wing Defense Defense
Cole Cassels Hudson Elynuik Sasha Pastujov Ethan Del Mastro Alex Petrovic
Last Minutes Defensive
Center Left Wing Right Wing Defense Defense
Cole Cassels Hudson Elynuik Sasha Pastujov Ethan Del Mastro Alex Petrovic
Goaltenders
Starting : Farm Goalie 46
Backup : Keith Kinkaid
Extra Forwards
Normal : Spencer Smallman, Hudson Elynuik, Cole Cassels - PP : Spencer Smallman, Hudson Elynuik - PK : Cole Cassels
Extra Defensemen
Normal : Ethan Del Mastro, Trevor Carrick, Alex Petrovic - PP : Ethan Del Mastro - PK : Trevor Carrick, Ethan Del Mastro
Penalty Shots
Spencer Smallman, Sasha Pastujov, Cole Cassels, Nick Caamano, Hudson Elynuik
Custom OT Lines Forwards
Spencer Smallman, Nick Caamano, Cole Cassels, Tyler Benson, Hudson Elynuik, Gabriel Dumont, Sasha Pastujov, Scott Sabourin, Jacob Perreault, Chase Stillman
Custom OT Lines Defensemen
Alex Petrovic, Maxime Lajoie, Seth Helgeson, Ethan Del Mastro, Trevor Carrick
Scratches
Matvei Petrov (Healthy), Alex Peters (Healthy), Shane Bowers (Healthy), Jamieson Rees (Healthy), Olivier Galipeau (Healthy)
Travis Howe (Healthy), Brennan Saulnier (Healthy), Anthony Vincent (Healthy), Ryan Wagner (Healthy), Brandon Hickey (Healthy)
Dalton Smith (Healthy), Mitchell Vande Sompel (Healthy), Farm Goalie 21 (Healthy)
% Time on Ice - Thunderbirds
Lines # - Real PCT - Wanted PCT - Time Play
Normal Forward
1 - 32% - 25% - 13:43
2 - 31% - 25% - 13:06
3 - 32% - 25% - 13:55
4 - 5% - 25% - 2:08
Normal Defense
1 - 27% - 25% - 11:29
2 - 22% - 25% - 9:38
3 - 37% - 25% - 15:39
4 - 14% - 25% - 6:06
PP Forward
1 - 43% - 60% - 2:15
2 - 57% - 40% - 2:59
PP Defense
1 - 38% - 60% - 2:00
2 - 62% - 40% - 3:14
PK Forward
1 - 71% - 60% - 8:30
2 - 29% - 40% - 3:24
PK Defense
1 - 72% - 60% - 8:36
2 - 28% - 40% - 3:18
PK3 Forward
1 - 0% - 60%
2 - 0% - 40%
PK3 Defense
1 - 0% - 60%
2 - 0% - 40%
44 Forward
1 - 0% - 60%
2 - 0% - 40%
44 Defense
1 - 0% - 60%
2 - 0% - 40%
Last Minute Offensive - 0:00
Last Minute Defensive - 0:00
Total
Forward - 60:00
Defense - 60:00
|
% Time on Ice - Gulls
Lines # - Real PCT - Wanted PCT - Time Play
Normal Forward
1 - 39% - 25% - 16:43
2 - 24% - 25% - 10:13
3 - 26% - 25% - 10:58
4 - 12% - 25% - 4:58
Normal Defense
1 - 25% - 25% - 10:49
2 - 25% - 25% - 10:55
3 - 31% - 25% - 13:17
4 - 18% - 25% - 7:51
PP Forward
1 - 45% - 60% - 5:20
2 - 55% - 40% - 6:34
PP Defense
1 - 59% - 60% - 7:00
2 - 41% - 40% - 4:54
PK Forward
1 - 79% - 60% - 4:07
2 - 21% - 40% - 1:07
PK Defense
1 - 65% - 60% - 3:24
2 - 35% - 40% - 1:50
PK3 Forward
1 - 0% - 60%
2 - 0% - 40%
PK3 Defense
1 - 0% - 60%
2 - 0% - 40%
44 Forward
1 - 0% - 60%
2 - 0% - 40%
44 Defense
1 - 0% - 60%
2 - 0% - 40%
Last Minute Offensive - 0:00
Last Minute Defensive - 0:00
Total
Forward - 60:00
Defense - 60:00
|
Play-by-Play
1st period
0:01 of 1st period - Nick Caamano wins face-off versus Jacob Lucchini in neutral zone.
0:32 of 1st period - Icing by Maxime Lajoie.
0:33 of 1st period - Hugh McGing wins face-off versus Gabriel Dumont in Gulls zone.
0:50 of 1st period - Shot by Hugh McGing.
0:50 of 1st period - Stopped by Farm Goalie 46 with a rebound.
0:58 of 1st period - Shot by James Malatesta.
0:58 of 1st period - Stopped by Farm Goalie 46 with a rebound.
1:06 of 1st period - Shot by Tyson Jost.
1:06 of 1st period - Shot Blocked by Alex Petrovic.
1:24 of 1st period - Shot by Artyom Anisimov.
1:24 of 1st period - Stopped by Farm Goalie 46 with a rebound.
1:40 of 1st period - Shot by Artyom Anisimov.
1:40 of 1st period - Shot Misses the Net.
1:43 of 1st period - Icing by Seth Helgeson.
1:44 of 1st period - Lukas Reichel wins face-off versus Cole Cassels in Gulls zone.
1:56 of 1st period - Sasha Pastujov is hit by Vincent Iorio and loses puck.
2:08 of 1st period - Icing by AJ Greer.
2:09 of 1st period - Lukas Reichel wins face-off versus Hudson Elynuik in Thunderbirds zone.
2:17 of 1st period - Off-side.
2:18 of 1st period - Hudson Elynuik wins face-off versus Artyom Anisimov in neutral zone.
2:50 of 1st period - Shot by Hudson Elynuik.
2:50 of 1st period - Deflect By Spencer Smallman.
2:50 of 1st period - Shot Misses the Net.
2:52 of 1st period - Shot by Spencer Smallman.
2:52 of 1st period - Shot Blocked by Peetro Seppala.
3:14 of 1st period - Ethan Del Mastro is hit by Artyom Anisimov and loses puck.
3:22 of 1st period - Icing by Seth Helgeson.
3:23 of 1st period - Hugh McGing wins face-off versus Cole Cassels in Gulls zone.
3:32 of 1st period - Shot by James Malatesta.
3:32 of 1st period - Stopped by Farm Goalie 46 without a rebound.
3:33 of 1st period - Nick Caamano wins face-off versus Lukas Reichel in Gulls zone.
3:33 of 1st period - Nick Caamano is hit by AJ Greer.
4:12 of 1st period - Maxime Lajoie is hit by Vincent Iorio and loses puck.
4:44 of 1st period - Tyson Jost is hit by Trevor Carrick and loses puck.
5:13 of 1st period - Icing by Peetro Seppala.
5:14 of 1st period - Hudson Elynuik wins face-off versus Hugh McGing in Thunderbirds zone.
5:14 of 1st period - Hudson Elynuik is hit by Peetro Seppala.
6:33 of 1st period - Shot by Robert Bortuzzo.
6:33 of 1st period - Stopped by Farm Goalie 46 with a rebound.
7:07 of 1st period - Gabriel Dumont is hit by AJ Greer and loses puck.
7:44 of 1st period - Trevor Carrick is hit by AJ Greer.
8:38 of 1st period - Peetro Seppala is hit by Jacob Perreault and loses puck.
8:40 of 1st period - Minor Penalty to Jacob Perreault for Tripping.
8:41 of 1st period - Cole Cassels wins face-off versus Hugh McGing in Gulls zone.
8:53 of 1st period - Icing by Hugh McGing.
8:54 of 1st period - Hugh McGing wins face-off versus Cole Cassels in Thunderbirds zone.
8:54 of 1st period - Hugh McGing is hit by Hudson Elynuik.
9:28 of 1st period - Icing by Artyom Anisimov.
9:29 of 1st period - Jasper Weatherby wins face-off versus Sasha Pastujov in Thunderbirds zone.
11:55 of 1st period - Shot by Jacob Perreault.
11:55 of 1st period - Shot Misses the Net.
13:01 of 1st period - Shot by Jasper Weatherby.
13:01 of 1st period - Shot Misses the Net.
13:12 of 1st period - Icing by Jasper Weatherby.
13:13 of 1st period - Gabriel Dumont wins face-off versus Jasper Weatherby in Thunderbirds zone.
13:24 of 1st period - Shot by Scott Sabourin.
13:24 of 1st period - Shot Blocked by Vincent Iorio.
13:26 of 1st period - Shot by Nick Caamano.
13:26 of 1st period - Shot Blocked by Robert Bortuzzo.
13:28 of 1st period - Shot by Olen Zellweger.
13:28 of 1st period - Stopped by Clay Stevenson with a rebound.
13:30 of 1st period - Shot by Nick Caamano.
13:30 of 1st period - Stopped by Clay Stevenson without a rebound.
13:31 of 1st period - Lukas Reichel wins face-off versus Hudson Elynuik in Thunderbirds zone.
13:31 of 1st period - Lukas Reichel is hit by Jacob Perreault.
13:49 of 1st period - Shot by Olen Zellweger.
13:49 of 1st period - Shot Misses the Net.
14:32 of 1st period - Minor Penalty to Vincent Iorio for Tripping.
14:33 of 1st period - Hudson Elynuik wins face-off versus James Malatesta in Thunderbirds zone.
14:42 of 1st period - Shot by Alex Petrovic.
14:42 of 1st period - Stopped by Clay Stevenson without a rebound.
14:43 of 1st period - Artyom Anisimov wins face-off versus Sasha Pastujov in Thunderbirds zone.
15:02 of 1st period - Shot by Maxime Lajoie.
15:02 of 1st period - Stopped by Clay Stevenson with a rebound.
15:04 of 1st period - Shot by Tyler Benson.
15:04 of 1st period - Shot Misses the Net.
15:06 of 1st period - Shot by Sasha Pastujov.
15:06 of 1st period - Shot Misses the Net.
15:32 of 1st period - Shot by Gabriel Dumont.
15:32 of 1st period - Stopped by Clay Stevenson without a rebound.
15:33 of 1st period - Artyom Anisimov wins face-off versus Hudson Elynuik in Thunderbirds zone.
16:18 of 1st period - Shot by Cole Cassels.
16:18 of 1st period - Shot Misses the Net.
16:20 of 1st period - Shot by Tyler Benson.
16:20 of 1st period - Stopped by Clay Stevenson with a rebound.
16:22 of 1st period - Shot by Maxime Lajoie.
16:22 of 1st period - Shot Blocked by Robert Bortuzzo.
16:24 of 1st period - Shot by Maxime Lajoie.
16:24 of 1st period - Stopped by Clay Stevenson without a rebound.
16:25 of 1st period - Jasper Weatherby wins face-off versus Cole Cassels in Thunderbirds zone.
16:25 of 1st period - Jasper Weatherby is hit by Tyler Benson.
16:43 of 1st period - Shot by Tyson Jost.
16:43 of 1st period - Stopped by Farm Goalie 46 with a rebound.
16:59 of 1st period - Shot by James Malatesta.
16:59 of 1st period - Deflect By Tyson Jost.
16:59 of 1st period - Stopped by Farm Goalie 46 without a rebound.
17:00 of 1st period - Hudson Elynuik wins face-off versus Artyom Anisimov in Gulls zone.
17:00 of 1st period - Hudson Elynuik is hit by Artyom Anisimov.
17:12 of 1st period - Shot by Hudson Elynuik.
17:12 of 1st period - Deflect By Jacob Perreault.
17:12 of 1st period - Stopped by Clay Stevenson without a rebound.
17:13 of 1st period - Lukas Reichel wins face-off versus Cole Cassels in Thunderbirds zone.
17:18 of 1st period - Shot by AJ Greer.
17:18 of 1st period - Shot Blocked by Olen Zellweger.
17:20 of 1st period - Shot by Lukas Reichel.
17:20 of 1st period - Stopped by Farm Goalie 46 without a rebound.
17:21 of 1st period - AJ Greer wins face-off versus Cole Cassels in Gulls zone.
17:24 of 1st period - Shot by Jacob Lucchini.
17:24 of 1st period - Shot Blocked by Alex Petrovic.
17:26 of 1st period - Shot by Oliver Kylington.
17:26 of 1st period - Goal by Oliver Kylington - Thunderbirds : 1 - Gulls : 0.
17:27 of 1st period - Cole Cassels wins face-off versus Lukas Reichel in neutral zone.
17:52 of 1st period - Shot by Jacob Lucchini.
17:52 of 1st period - Stopped by Farm Goalie 46 without a rebound.
17:53 of 1st period - Hudson Elynuik wins face-off versus Artyom Anisimov in Gulls zone.
18:09 of 1st period - Spencer Smallman is hit by Oliver Kylington and loses puck.
18:23 of 1st period - Shot by Jacob Perreault.
18:23 of 1st period - Stopped by Clay Stevenson without a rebound.
18:24 of 1st period - Hugh McGing wins face-off versus Nick Caamano in Thunderbirds zone.
18:24 of 1st period - Hugh McGing is hit by Scott Sabourin.
18:40 of 1st period - Shot by James Malatesta.
18:40 of 1st period - Shot Blocked by Trevor Carrick.
18:44 of 1st period - Shot by Hugh McGing.
18:44 of 1st period - Goal by Hugh McGing - Thunderbirds : 2 - Gulls : 0.
18:45 of 1st period - Cole Cassels wins face-off versus Lukas Reichel in neutral zone.
18:45 of 1st period - Tyler Benson is hit by Jacob Lucchini and loses puck.
Goals for this period are 2 for Thunderbirds vs 0 for Gulls.
Shots for this period are 11 for Thunderbirds vs 9 for Gulls.
2nd period
0:01 of 2nd period - Jackson Cates wins face-off versus Cole Cassels in neutral zone.
0:05 of 2nd period - James Malatesta is hit by Ethan Del Mastro.
0:23 of 2nd period - Icing by Oliver Kylington.
0:24 of 2nd period - Nick Caamano wins face-off versus Jackson Cates in Thunderbirds zone.
0:48 of 2nd period - Icing by Nick Caamano.
0:49 of 2nd period - Nick Caamano wins face-off versus Artyom Anisimov in Gulls zone.
1:09 of 2nd period - Shot by Gabriel Fortier.
1:09 of 2nd period - Shot Hit the Post.
1:19 of 2nd period - Trevor Carrick is hit by Artyom Anisimov and loses puck.
2:25 of 2nd period - Off-side.
2:26 of 2nd period - Hudson Elynuik wins face-off versus Lukas Reichel in neutral zone.
2:26 of 2nd period - Hudson Elynuik is hit by Jacob Lucchini.
2:52 of 2nd period - Shot by Lukas Reichel.
2:52 of 2nd period - Goal by Lukas Reichel - Thunderbirds : 3 - Gulls : 0.
2:53 of 2nd period - Cole Cassels wins face-off versus Artyom Anisimov in neutral zone.
3:12 of 2nd period - Shot by Jackson Cates.
3:12 of 2nd period - Stopped by Farm Goalie 46 without a rebound.
3:13 of 2nd period - Lukas Reichel wins face-off versus Nick Caamano in Gulls zone.
3:18 of 2nd period - Shot by Lukas Reichel.
3:18 of 2nd period - Shot Blocked by Olen Zellweger.
3:20 of 2nd period - Shot by Jacob Lucchini.
3:20 of 2nd period - Stopped by Farm Goalie 46 with a rebound.
3:22 of 2nd period - Shot by Jacob Lucchini.
3:22 of 2nd period - Stopped by Farm Goalie 46 without a rebound.
3:23 of 2nd period - Gabriel Dumont wins face-off versus Artyom Anisimov in Gulls zone.
3:23 of 2nd period - Olen Zellweger is hit by Artyom Anisimov and loses puck.
3:32 of 2nd period - Artyom Anisimov is hit by Nick Caamano and loses puck.
3:37 of 2nd period - Shot by Gabriel Dumont.
3:37 of 2nd period - Stopped by Clay Stevenson without a rebound.
3:38 of 2nd period - Cole Cassels wins face-off versus Lukas Reichel in Thunderbirds zone.
3:38 of 2nd period - Cole Cassels is hit by Robert Bortuzzo.
3:45 of 2nd period - Icing by Lukas Reichel.
3:46 of 2nd period - Hudson Elynuik wins face-off versus Lukas Reichel in Thunderbirds zone.
3:46 of 2nd period - Hudson Elynuik is hit by Robert Bortuzzo.
4:02 of 2nd period - Shot by Jacob Lucchini.
4:02 of 2nd period - Shot Misses the Net.
4:04 of 2nd period - Shot by Lukas Reichel.
4:04 of 2nd period - Shot Misses the Net.
4:06 of 2nd period - Shot by Jacob Lucchini.
4:06 of 2nd period - Stopped by Farm Goalie 46 without a rebound.
4:07 of 2nd period - Hugh McGing wins face-off versus Tyler Benson in Gulls zone.
4:20 of 2nd period - Shot by James Malatesta.
4:20 of 2nd period - Shot Misses the Net.
4:22 of 2nd period - Shot by Uvis Balinskis.
4:22 of 2nd period - Stopped by Farm Goalie 46 with a rebound.
4:45 of 2nd period - Icing by Olen Zellweger.
4:46 of 2nd period - Cole Cassels wins face-off versus Artyom Anisimov in Gulls zone.
4:46 of 2nd period - Olen Zellweger is hit by Jackson Cates and loses puck.
5:22 of 2nd period - Hudson Elynuik is hit by Robert Bortuzzo and loses puck.
5:25 of 2nd period - Shot by Spencer Smallman.
5:25 of 2nd period - Shot Misses the Net.
5:30 of 2nd period - Minor Penalty to Robert Bortuzzo for Cross-checking.
5:31 of 2nd period - Hudson Elynuik wins face-off versus Jasper Weatherby in Thunderbirds zone.
5:34 of 2nd period - Shot by Maxime Lajoie.
5:34 of 2nd period - Deflect By Hudson Elynuik.
5:34 of 2nd period - Shot Blocked by Oliver Kylington.
5:55 of 2nd period - Shot by Maxime Lajoie.
5:55 of 2nd period - Stopped by Clay Stevenson without a rebound.
5:56 of 2nd period - Cole Cassels wins face-off versus Artyom Anisimov in Thunderbirds zone.
6:23 of 2nd period - AJ Greer is hit by Cole Cassels and loses puck.
7:02 of 2nd period - Shot by Spencer Smallman.
7:02 of 2nd period - Deflect By Gabriel Dumont.
7:02 of 2nd period - Stopped by Clay Stevenson without a rebound.
7:03 of 2nd period - Cole Cassels wins face-off versus Jasper Weatherby in Thunderbirds zone.
7:14 of 2nd period - Shot by Tyler Benson.
7:14 of 2nd period - Shot Misses the Net.
7:50 of 2nd period - Minor Penalty to Seth Helgeson for Holding.
7:51 of 2nd period - Cole Cassels wins face-off versus Lukas Reichel in Gulls zone.
8:04 of 2nd period - Shot by Lukas Reichel.
8:04 of 2nd period - Shot Misses the Net.
8:19 of 2nd period - Shot by Lukas Reichel.
8:19 of 2nd period - Shot Misses the Net.
8:49 of 2nd period - Shot by Hugh McGing.
8:49 of 2nd period - Goal by Hugh McGing - Thunderbirds : 4 - Gulls : 0.
8:49 of 2nd period - Keith Kinkaid enters game.
8:50 of 2nd period - Hugh McGing wins face-off versus Gabriel Dumont in neutral zone.
8:50 of 2nd period - Hugh McGing is hit by Nick Caamano.
8:53 of 2nd period - Tyson Jost is hit by Ethan Del Mastro and loses puck.
9:08 of 2nd period - Hugh McGing is hit by Seth Helgeson and loses puck.
9:17 of 2nd period - Shot by Tyson Jost.
9:17 of 2nd period - Shot Misses the Net.
9:19 of 2nd period - Shot by James Malatesta.
9:19 of 2nd period - Stopped by Keith Kinkaid with a rebound.
10:52 of 2nd period - AJ Greer is hit by Maxime Lajoie and loses puck.
11:21 of 2nd period - Icing by Nick Caamano.
11:22 of 2nd period - Hugh McGing wins face-off versus Nick Caamano in Gulls zone.
11:22 of 2nd period - James Malatesta is hit by Alex Petrovic and loses puck.
11:28 of 2nd period - Trevor Carrick is hit by Peetro Seppala and loses puck.
11:29 of 2nd period - Minor Penalty to Marc Del Gaizo for Roughing.
11:30 of 2nd period - Jasper Weatherby wins face-off versus Hudson Elynuik in Thunderbirds zone.
11:42 of 2nd period - Jacob Perreault is hit by Oliver Kylington and loses puck.
13:50 of 2nd period - Shot by Nick Caamano.
13:50 of 2nd period - Stopped by Clay Stevenson without a rebound.
13:51 of 2nd period - Hugh McGing wins face-off versus Tyler Benson in Thunderbirds zone.
14:18 of 2nd period - Icing by Tyson Jost.
14:19 of 2nd period - Scott Sabourin wins face-off versus Hugh McGing in Thunderbirds zone.
14:25 of 2nd period - Icing by Hugh McGing.
14:26 of 2nd period - Hugh McGing wins face-off versus Nick Caamano in Thunderbirds zone.
14:26 of 2nd period - Hugh McGing is hit by Scott Sabourin.
14:50 of 2nd period - Shot by Trevor Carrick.
14:50 of 2nd period - Shot Misses the Net.
15:24 of 2nd period - Lukas Reichel is hit by Trevor Carrick and loses puck.
15:36 of 2nd period - Lukas Reichel is hit by Trevor Carrick and loses puck.
16:05 of 2nd period - Shot by Cole Cassels.
16:05 of 2nd period - Shot Misses the Net.
16:07 of 2nd period - Shot by Sasha Pastujov.
16:07 of 2nd period - Shot Misses the Net.
16:09 of 2nd period - Shot by Ethan Del Mastro.
16:09 of 2nd period - Shot Misses the Net.
16:11 of 2nd period - Shot by Ethan Del Mastro.
16:11 of 2nd period - Shot Misses the Net.
16:13 of 2nd period - Shot by Ethan Del Mastro.
16:13 of 2nd period - Shot Hit the Post.
16:17 of 2nd period - Shot by Hudson Elynuik.
16:17 of 2nd period - Shot Misses the Net.
16:19 of 2nd period - Shot by Sasha Pastujov.
16:19 of 2nd period - Goal by Sasha Pastujov - Thunderbirds : 4 - Gulls : 1.
16:20 of 2nd period - Hugh McGing wins face-off versus Hudson Elynuik in neutral zone.
16:28 of 2nd period - Icing by Spencer Smallman.
16:29 of 2nd period - Hudson Elynuik wins face-off versus Gabriel Fortier in Gulls zone.
16:29 of 2nd period - Hudson Elynuik is hit by Artyom Anisimov.
16:41 of 2nd period - Jacob Perreault is hit by Robert Bortuzzo.
16:44 of 2nd period - Minor Penalty to Robert Bortuzzo for Slashing.
16:45 of 2nd period - Cole Cassels wins face-off versus Artyom Anisimov in Thunderbirds zone.
16:46 of 2nd period - Shot by Ethan Del Mastro.
16:46 of 2nd period - Shot Misses the Net.
17:30 of 2nd period - Icing by Sasha Pastujov.
17:31 of 2nd period - Artyom Anisimov wins face-off versus Sasha Pastujov in Gulls zone.
18:53 of 2nd period - Shot by Jasper Weatherby.
18:53 of 2nd period - Shot Blocked by Ethan Del Mastro.
18:55 of 2nd period - Shot by Jackson Cates.
18:55 of 2nd period - Stopped by Keith Kinkaid with a rebound.
18:57 of 2nd period - Shot by Jackson Cates.
18:57 of 2nd period - Stopped by Keith Kinkaid without a rebound.
18:58 of 2nd period - Hudson Elynuik wins face-off versus Tyson Jost in Gulls zone.
19:04 of 2nd period - Off-side.
19:05 of 2nd period - Artyom Anisimov wins face-off versus Scott Sabourin in neutral zone.
19:16 of 2nd period - Shot by Artyom Anisimov.
19:16 of 2nd period - Stopped by Keith Kinkaid with a rebound.
19:54 of 2nd period - Shot by Maxime Lajoie.
19:54 of 2nd period - Shot Misses the Net.
Goals for this period are 2 for Thunderbirds vs 1 for Gulls.
Shots for this period are 11 for Thunderbirds vs 5 for Gulls.
3rd period
0:01 of 3rd period - Cole Cassels wins face-off versus Jackson Cates in neutral zone.
0:16 of 3rd period - James Malatesta is hit by Ethan Del Mastro.
1:06 of 3rd period - Shot by Gabriel Dumont.
1:06 of 3rd period - Shot Misses the Net.
1:08 of 3rd period - Shot by Nick Caamano.
1:08 of 3rd period - Shot Misses the Net.
1:33 of 3rd period - Off-side.
1:34 of 3rd period - Hugh McGing wins face-off versus Cole Cassels in neutral zone.
1:42 of 3rd period - James Malatesta is hit by Alex Petrovic and loses puck.
1:53 of 3rd period - Shot by Tyson Jost.
1:53 of 3rd period - Stopped by Keith Kinkaid with a rebound.
1:54 of 3rd period - Minor Penalty to Alex Petrovic for Delaying the game.
1:55 of 3rd period - Lukas Reichel wins face-off versus Sasha Pastujov in Gulls zone.
2:26 of 3rd period - Shot by AJ Greer.
2:26 of 3rd period - Stopped by Keith Kinkaid without a rebound.
2:27 of 3rd period - Hugh McGing wins face-off versus Cole Cassels in Gulls zone.
2:28 of 3rd period - Shot by Vincent Iorio.
2:28 of 3rd period - Stopped by Keith Kinkaid with a rebound.
2:30 of 3rd period - Shot by Robert Bortuzzo.
2:30 of 3rd period - Stopped by Keith Kinkaid with a rebound.
2:42 of 3rd period - Shot by Robert Bortuzzo.
2:42 of 3rd period - Shot Blocked by Ethan Del Mastro.
2:44 of 3rd period - Shot by Robert Bortuzzo.
2:44 of 3rd period - Deflect By James Malatesta.
2:44 of 3rd period - Stopped by Keith Kinkaid without a rebound.
2:45 of 3rd period - Lukas Reichel wins face-off versus Sasha Pastujov in Gulls zone.
3:14 of 3rd period - Robert Bortuzzo is hit by Hudson Elynuik and loses puck.
3:20 of 3rd period - Off-side.
3:21 of 3rd period - Sasha Pastujov wins face-off versus Hugh McGing in neutral zone.
3:26 of 3rd period - Icing by Oliver Kylington.
3:27 of 3rd period - Hugh McGing wins face-off versus Sasha Pastujov in Thunderbirds zone.
3:50 of 3rd period - Shot by James Malatesta.
3:50 of 3rd period - Goal by James Malatesta - Thunderbirds : 5 - Gulls : 1.
3:51 of 3rd period - Artyom Anisimov wins face-off versus Nick Caamano in neutral zone.
4:45 of 3rd period - Off-side.
4:46 of 3rd period - Hugh McGing wins face-off versus Cole Cassels in neutral zone.
4:46 of 3rd period - Hugh McGing is hit by Tyler Benson.
4:59 of 3rd period - Shot by Tyson Jost.
4:59 of 3rd period - Shot Misses the Net.
5:01 of 3rd period - Shot by Oliver Kylington.
5:01 of 3rd period - Shot Blocked by Olen Zellweger.
5:03 of 3rd period - Shot by James Malatesta.
5:03 of 3rd period - Shot Misses the Net.
5:59 of 3rd period - Icing by Marc Del Gaizo.
6:00 of 3rd period - Nick Caamano wins face-off versus Lukas Reichel in Thunderbirds zone.
6:01 of 3rd period - Shot by Gabriel Dumont.
6:01 of 3rd period - Shot Misses the Net.
6:17 of 3rd period - Shot by Gabriel Dumont.
6:17 of 3rd period - Stopped by Clay Stevenson without a rebound.
6:18 of 3rd period - Cole Cassels wins face-off versus Artyom Anisimov in Thunderbirds zone.
6:21 of 3rd period - Shot by Trevor Carrick.
6:21 of 3rd period - Stopped by Clay Stevenson without a rebound.
6:22 of 3rd period - Artyom Anisimov wins face-off versus Hudson Elynuik in Thunderbirds zone.
6:54 of 3rd period - Shot by Artyom Anisimov.
6:54 of 3rd period - Shot Blocked by Alex Petrovic.
7:40 of 3rd period - Shot by Tyler Benson.
7:40 of 3rd period - Shot Misses the Net.
7:51 of 3rd period - Off-side.
7:52 of 3rd period - Jacob Lucchini wins face-off versus Nick Caamano in neutral zone.
8:11 of 3rd period - Shot by Marc Del Gaizo.
8:11 of 3rd period - Stopped by Keith Kinkaid without a rebound.
8:12 of 3rd period - Artyom Anisimov wins face-off versus Hudson Elynuik in Gulls zone.
8:17 of 3rd period - Shot by Artyom Anisimov.
8:17 of 3rd period - Stopped by Keith Kinkaid with a rebound.
8:43 of 3rd period - Shot by Gabriel Fortier.
8:43 of 3rd period - Shot Misses the Net.
9:04 of 3rd period - Icing by Peetro Seppala.
9:05 of 3rd period - Lukas Reichel wins face-off versus Cole Cassels in Thunderbirds zone.
9:11 of 3rd period - Minor Penalty to Jacob Lucchini for Tripping.
9:12 of 3rd period - Cole Cassels wins face-off versus Artyom Anisimov in Thunderbirds zone.
9:58 of 3rd period - Oliver Kylington is hit by Tyler Benson and loses puck.
10:56 of 3rd period - Shot by Cole Cassels.
10:56 of 3rd period - Shot Misses the Net.
10:58 of 3rd period - Shot by Cole Cassels.
10:58 of 3rd period - Stopped by Clay Stevenson without a rebound.
10:59 of 3rd period - Artyom Anisimov wins face-off versus Olen Zellweger in Thunderbirds zone.
11:12 of 3rd period - Shot by Lukas Reichel.
11:12 of 3rd period - Stopped by Keith Kinkaid with a rebound.
11:14 of 3rd period - Shot by Lukas Reichel.
11:14 of 3rd period - Stopped by Keith Kinkaid without a rebound.
11:15 of 3rd period - Hugh McGing wins face-off versus Nick Caamano in Gulls zone.
11:19 of 3rd period - Icing by Seth Helgeson.
11:20 of 3rd period - Lukas Reichel wins face-off versus Nick Caamano in Gulls zone.
11:44 of 3rd period - Icing by Seth Helgeson.
11:45 of 3rd period - Nick Caamano wins face-off versus Hugh McGing in Gulls zone.
11:45 of 3rd period - Ethan Del Mastro is hit by James Malatesta and loses puck.
12:20 of 3rd period - Shot by James Malatesta.
12:20 of 3rd period - Stopped by Keith Kinkaid without a rebound.
12:21 of 3rd period - Artyom Anisimov wins face-off versus Hudson Elynuik in Gulls zone.
12:39 of 3rd period - Minor Penalty to Vincent Iorio for Cross-checking.
12:40 of 3rd period - Cole Cassels wins face-off versus Artyom Anisimov in Thunderbirds zone.
12:57 of 3rd period - Shot by Tyler Benson.
12:57 of 3rd period - Shot Misses the Net.
13:34 of 3rd period - Icing by Maxime Lajoie.
13:35 of 3rd period - Hudson Elynuik wins face-off versus James Malatesta in Gulls zone.
13:35 of 3rd period - Hudson Elynuik is hit by James Malatesta.
14:23 of 3rd period - Shot by Sasha Pastujov.
14:23 of 3rd period - Stopped by Clay Stevenson without a rebound.
14:24 of 3rd period - Cole Cassels wins face-off versus James Malatesta in Thunderbirds zone.
14:37 of 3rd period - Shot by Alex Petrovic.
14:37 of 3rd period - Stopped by Clay Stevenson without a rebound.
14:38 of 3rd period - Hudson Elynuik wins face-off versus James Malatesta in Thunderbirds zone.
14:54 of 3rd period - Shot by Robert Bortuzzo.
14:54 of 3rd period - Stopped by Keith Kinkaid without a rebound.
14:55 of 3rd period - Lukas Reichel wins face-off versus Hudson Elynuik in Gulls zone.
14:55 of 3rd period - Jacob Lucchini is hit by Maxime Lajoie.
15:21 of 3rd period - Icing by Maxime Lajoie.
15:22 of 3rd period - Hugh McGing wins face-off versus Hudson Elynuik in Gulls zone.
15:31 of 3rd period - Shot by Spencer Smallman.
15:31 of 3rd period - Stopped by Clay Stevenson with a rebound.
15:33 of 3rd period - Shot by Spencer Smallman.
15:33 of 3rd period - Stopped by Clay Stevenson without a rebound.
15:34 of 3rd period - Cole Cassels wins face-off versus Gabriel Fortier in Thunderbirds zone.
15:45 of 3rd period - Shot by Jackson Cates.
15:45 of 3rd period - Stopped by Keith Kinkaid with a rebound.
15:51 of 3rd period - Shot by Cole Cassels.
15:51 of 3rd period - Goal by Cole Cassels - Thunderbirds : 5 - Gulls : 2.
15:52 of 3rd period - Nick Caamano wins face-off versus Hugh McGing in neutral zone.
16:01 of 3rd period - Icing by Tyson Jost.
16:02 of 3rd period - Hugh McGing wins face-off versus Hudson Elynuik in Thunderbirds zone.
16:04 of 3rd period - Icing by Tyson Jost.
16:05 of 3rd period - Hudson Elynuik wins face-off versus Hugh McGing in Thunderbirds zone.
16:05 of 3rd period - Hudson Elynuik is hit by Oliver Kylington.
16:35 of 3rd period - Icing by Hudson Elynuik.
16:36 of 3rd period - Lukas Reichel wins face-off versus Hudson Elynuik in Gulls zone.
16:57 of 3rd period - Icing by Peetro Seppala.
16:58 of 3rd period - Jacob Lucchini wins face-off versus Nick Caamano in Thunderbirds zone.
17:22 of 3rd period - Icing by Olen Zellweger.
17:23 of 3rd period - Hugh McGing wins face-off versus Nick Caamano in Gulls zone.
18:44 of 3rd period - Icing by Peetro Seppala.
18:45 of 3rd period - Artyom Anisimov wins face-off versus Hudson Elynuik in Thunderbirds zone.
18:55 of 3rd period - Artyom Anisimov is hit by Hudson Elynuik and loses puck.
19:10 of 3rd period - Marc Del Gaizo is hit by Maxime Lajoie and loses puck.
19:39 of 3rd period - Minor Penalty to Seth Helgeson for Tripping.
19:40 of 3rd period - Lukas Reichel wins face-off versus Sasha Pastujov in Gulls zone.
19:52 of 3rd period - Icing by Oliver Kylington.
19:53 of 3rd period - Sasha Pastujov wins face-off versus Lukas Reichel in Thunderbirds zone.
Goals for this period are 1 for Thunderbirds vs 1 for Gulls.
Shots for this period are 13 for Thunderbirds vs 8 for Gulls.
Back to the Top